 Dungeon Crawl Stone Soup version 0.27.1-1-g398f81649c (webtiles) character file.

Game seed: 13530573075528569929

106 funkygono the Firebug (level 4, 0/24 HPs)
             Began as a Gargoyle Fire Elementalist on Sept 12, 2021.
             Slain by a black bear (4 damage)
             ... on level 3 of the Dungeon.
             The game lasted 00:04:26 (2137 turns).

funkygono the Firebug (Gargoyle Fire Elementalist)  Turns: 2137, Time: 00:04:26

Health: 0/24       AC:  6    Str: 11    XL:     4   Next: 84%
Magic:  4/8        EV: 12    Int: 17    God:
Gold:   82         SH:  0    Dex: 10    Spells: 0/8 levels left

rFire    . . .     SeeInvis .   d - +0 whip (elec)
rCold    . . .     Faith    .   (no shield)
rNeg     + . .     Spirit   .   a - +0 robe
rPois    ∞         Reflect  .   (no helmet)
rElec    +         Harm     .   (no cloak)
rCorr    .         Rampage  .   (no gloves)
Will     .....                  l - +0 pair of boots
Stlth    ++........             (no amulet)
HPRegen  0.08/turn              (no ring)
MPRegen  0.11/turn              (no ring)

@: no status effects
A: sickness immunity, AC +3, negative energy resistance 1, electricity
resistance, torment resistance 1, petrification resistance
a: no special abilities


You were on level 3 of the Dungeon.
You visited 1 branch of the dungeon, and saw 3 of its levels.

You collected 82 gold pieces.

Inventory:

Hand Weapons
 d - a +0 whip of electrocution (weapon)
 f - a +0 whip
Missiles
 e - 81 stones
Armour
 a - a +0 robe (worn)
 k - a +0 buckler
 l - a +0 pair of boots (worn)
Potions
 b - a potion of might {unknown}
 c - a potion of ambrosia
 g - a potion of lignification {unknown}
 h - a potion of curing
 i - a potion of degeneration {unknown}
 j - 2 potions of invisibility
 m - a potion of mutation


   Skills:
 + Level 1.6 Dodging
 - Level 2.1 Stealth
 * Level 2.9 Spellcasting
 * Level 2.7 Conjurations
 * Level 4.1 Fire Magic


You couldn't memorise any spells.
You knew the following spells:

 Your Spells              Type           Power      Damage    Failure   Level
a - Foxfire               Conj/Fire      56%        2x1d6     4%          1
b - Conjure Flame         Conj/Fire      14%        6-21      13%         3
c - Sticky Flame          Conj/Fire      14%        2d4       38%         4

Your spell library contained the following spells:

 Spells                   Type           Power      Damage    Failure   Level
 Sandblast                Erth           4%         2d4       19%         1
 Inner Flame              Hex/Fire       9%         N/A       22%         3
 Passwall                 Tmut/Erth      1%         N/A       26%         2
 Fireball                 Conj/Fire      7%         3d5       75%         5
 Lee's Rapid Deconstruct  Erth           1%         3d5*      99%         5


Dungeon Overview and Level Annotations

Branches:
Dungeon (3/15)

Altars:

Shops:
D:2 !


Innate Abilities, Weirdness & Mutations

You are immune to sickness and miasma.
Your stone body is resilient. (AC +3)
You are immune to poison.
You resist negative energy. (rN+)
You are resistant to electric shocks. (rElec)
You are resistant to unholy torment.
You are immune to petrification.


Message History

The black bear closely misses you.
Unknown command.
Your foxfire dissipates!
The foxfire hits the black bear.
The black bear is moderately wounded.
Casting: Foxfire (safe; 4% risk of failure)
Confirm with . or Enter, or press ? or * to list all spells.
You conjure some foxfire!
The black bear bites you but does no damage.
The black bear claws you. The black bear closely misses you.
The foxfire hits the black bear.
The black bear is heavily wounded.
The foxfire hits the black bear.
The black bear is heavily wounded.
The black bear bites you.
The black bear claws you but does no damage. x2
Casting: Foxfire (safe; 4% risk of failure)
Confirm with . or Enter, or press ? or * to list all spells.
You conjure some foxfire!
The black bear closely misses you. x2
The black bear claws you.
* * * LOW HITPOINT WARNING * * *
Unknown command.
The foxfire hits the black bear.
The black bear is severely wounded.
The foxfire hits the black bear but does no damage.
The black bear is severely wounded.
The black bear closely misses you.
The black bear claws you but does no damage.
The black bear claws you.
* * * LOW HITPOINT WARNING * * *
Found 19 gold pieces.
The black bear goes berserk!
Casting: Foxfire (safe; 4% risk of failure)
Confirm with . or Enter, or press ? or * to list all spells.
You conjure some foxfire!
The foxfire hits the black bear but does no damage.
The black bear is severely wounded.
The foxfire hits the black bear.
The black bear is almost dead.
The black bear bites you.
You die...

#.###....###.....#.
######.#...............#
#.............# .......
#.#####..###..###.....
#. #..# #.....##.#... #.
#..###...........# #.
#......###.##.##. #.
#..#.#####h## # #.
#.........@.#.# ### #.
##.##.####..#.#...# #.
#........##.>.# #
######...#....#
#.###...# #†##....#
######......#
...........8.#
#########....##


You could see a black bear (berserk).

Vanquished Creatures
  Jessica (D:2)
  Terence (D:2)
  An adder (D:2)
  A worm (D:3)
  A dart slug (D:1)
  5 ball pythons
  4 endoplasms
  3 goblins
  5 hobgoblins (D:1)
  8 kobolds
  2 quokkas
  8 bats
  2 frilled lizards
  2 rats
44 creatures vanquished.

Vanquished Creatures (others)
  133 foxfires
133 creatures vanquished.

Grand Total: 177 creatures vanquished

Notes
Turn   | Place    | Note
-------+----------+-------------------------------------------
     0 | D:1      | funkygono the Gargoyle Fire Elementalist began the quest
                  | for the Orb.
     0 | D:1      | Reached XP level 1. HP: 10/10 MP: 3/3
   213 | D:1      | Reached XP level 2. HP: 15/15 MP: 1/5
   540 | D:1      | Reached XP level 3. HP: 18/19 MP: 0/6
   959 | D:1      | Learned a level 3 spell: Conjure Flame
  1187 | D:2      | Noticed Jessica
  1202 | D:2      | Killed Jessica
  1203 | D:2      | Reached skill level 4 in Fire Magic
  1203 | D:2      | Reached XP level 4. HP: 24/24 MP: 3/8
  1208 | D:2      | Learned a level 4 spell: Sticky Flame
  1546 | D:2      | Found Uluxotw Safu's Distillery.
  1641 | D:2      | Noticed Terence
  1659 | D:2      | Killed Terence
  1818 | D:2      | Found a faded altar of an unknown god.
  2105 | D:3      | Noticed a black bear
  2137 | D:3      | Slain by a black bear

Illustrated notes

Levels and vault maps discovered:
D:1:      minmay_arrival_hallway, layout_rooms, minmay_three_crescents
D:2:      layout_loops_ring, serial_shops, nicolae_shop_trees,
          hellmonk_ecumenical_altar_inner_sanctum, uniq_terence, uniq_jessica
D:3:      layout_loops_ring, grunt_ministairs_12

Skill      XL: |  1  2  3 |
---------------+----------+-----
Conjurations   | 2 |  2.7
Fire Magic     | 4 |  4.1
Dodging        | |  1.6
Stealth        | |  2.1
Spellcasting   | |  2.9

Action                   |  1- 3 |  4- 6 || total
-------------------------+-------+-------++-------
Melee: Whip              |     5 |     3 ||     8
 Cast: Foxfire           |    48 |    31 ||    79
  Use: Scroll            |     8 |       ||     8
Armor: Robe              |     9 |     6 ||    15
Dodge: Dodged            |    16 |    10 ||    26
